 Dungeon Crawl Stone Soup version 0.31.0-12-g77e489cdc1 (webtiles) character file.

Game seed: 14802210925244615579

46571 monsoonserge the Thaumaturge (level 14, -2/107 (108) HPs)
             Began as a Gnoll Conjurer on Feb 24, 2024.
             Was an Initiate of Gozag.
             Killed from afar by a molten gargoyle (20 damage)
             ... with a bolt of magma
             ... in a volcano.
             The game lasted 01:25:45 (15462 turns).

monsoonserge the Thaumaturge (Gnoll Conjurer)      Turns: 15462, Time: 01:25:46

HP:   -2/107 (108)  AC:  8    Str:  8    XL:     14   Next: 38%
MP:   9/34          EV: 15    Int: 42    God:    Gozag
Gold: 936           SH:  6    Dex: 10    Spells: 9/34 levels left

rFire   + . .        f - +6 Majin-Bo {spellvamp, MP+6 Int+6}
rCold   + . .        G - +0 buckler
rNeg    . . .        K - +1 robe {rC+ rF+}
rPois   .            I - +3 crown of Dyrovepreva {rElec Int+2 SInv}
rElec   +            k - scarf {+Inv}
rCorr   .            p - +0 pair of gloves
SInv    +            (no boots)
Will    +....        Q - amulet of Vitality {RegenMP++ Regen++}
Stlth   ++++         X - +6 ring of intelligence
HPRegen 1.97/turn    a - +6 ring of intelligence
MPRegen 1.04/turn

%: no passive effects
@: gold aura, lightly drained
A: fangs 1, strong nose, distributed training
a: Renounce Religion, Evoke Invisibility, Potion Petition, Call Merchant, Bribe
Branch


You were in a volcano.
You worshipped Gozag.
Gozag was pleased with you.
You visited 3 branches of the dungeon, and saw 17 of its levels.
You also visited: Volcano.

You collected 5145 gold pieces.
You spent 3547 gold pieces at shops.
You paid 662 gold pieces to Gozag.

Inventory:

Hand Weapons
 f - the +6 Majin-Bo (weapon) {spellvamp, MP+6 Int+6}
   (You bought it in a shop on level 8 of the Dungeon)

   Int+6:     It affects your intelligence (+6).
   MP+6:      It affects your magic capacity (+6).
Missiles
 e - 5 silver javelins
 n - 29 poisoned darts (quivered)
 y - 12 boomerangs
 T - a throwing net
 V - 7 curare-tipped darts
 Z - 4 atropa-tipped darts
Armour
 k - a scarf of invisibility (worn)
 p - a +0 pair of gloves (worn)
 G - a +0 buckler (worn)
 I - the +3 crown of Dyrovepreva (worn) {rElec Int+2 SInv}
   (You bought it in a shop on level 4 of the Dungeon)

   Int+2:     It affects your intelligence (+2).
   rElec:     It insulates you from electricity.
   SInv:      It lets you see invisible.
 K - a +1 robe of resistance (worn)
Jewellery
 a - a +6 ring of intelligence (right hand)
 j - a ring of flight
 o - a ring of protection from fire
 s - a +4 ring of protection
 Q - the amulet of Vitality (around neck) {RegenMP++ Regen++}
   (You found it on level 8 of the Dungeon)

   [amulet of magic regeneration]

   RegenMP:   It increases your rate of magic regeneration.
   Regen++:   It increases your rate of health regeneration.
 X - a +6 ring of intelligence (left hand)
Wands
 m - a wand of polymorph (6)
 u - a wand of roots (15)
 N - a wand of light (8)
 Y - a wand of paralysis (4)
Scrolls
 c - 2 scrolls of enchant armour
 d - 4 scrolls of fog {unknown}
 g - a scroll of summoning
 h - a scroll of silence
 v - 3 scrolls of revelation
 x - 2 scrolls of amnesia
 z - 3 scrolls of torment
 A - 3 scrolls of fear
 J - 5 scrolls of teleportation
 M - a scroll of vulnerability {unknown}
 O - 3 scrolls of immolation
 U - 2 scrolls of poison
Potions
 b - a potion of magic
 i - 6 potions of curing {unknown}
 q - 2 potions of mutation
 t - 2 potions of heal wounds
 w - 2 potions of resistance
 B - 6 potions of haste
 C - 4 potions of lignification
 D - a potion of might
 E - a potion of invisibility
 H - a potion of brilliance
 S - 2 potions of enlightenment
 W - a potion of ambrosia


   Skills:
 + Level 9.5 Fighting
 + Level 9.5 Short Blades
 + Level 9.5 Long Blades
 + Level 9.5 Axes
 + Level 9.5 Maces & Flails
 + Level 9.5 Polearms
 + Level 9.5 Staves
 + Level 9.5 Ranged Weapons
 + Level 9.5 Throwing
 + Level 9.5 Armour
 + Level 10.6 Dodging
 + Level 10.4 Stealth
 + Level 9.5 Shields
 + Level 9.5 Unarmed Combat
 + Level 10.7 Spellcasting
 + Level 10.7 Conjurations
 + Level 7.9 Hexes
 + Level 7.9 Summonings
 + Level 7.9 Necromancy
 + Level 7.9 Translocations
 + Level 7.9 Fire Magic
 + Level 7.9 Ice Magic
 + Level 7.9 Air Magic
 + Level 7.9 Earth Magic
 + Level 7.9 Alchemy
 + Level 10.3 Invocations
 + Level 9.5 Evocations
 + Level 8.7 Shapeshifting


You had 9 spell levels left.
You knew the following spells:

 Your Spells              Type           Power      Damage    Failure   Level
a - Magic Dart            Conj           100%       1d8       1%          1
b - Searing Ray           Conj           100%       2d8       1%          2
c - Mephitic Cloud        Conj/Alch/Air  77%        N/A       1%          3
d - Stone Arrow           Conj/Erth      100%       3d13      1%          3
e - Summon Lightning Spi  Summ/Air       74%        N/A       1%          4
f - Airstrike             Air            37%        2d(6-22)  1%          4
g - Fireball              Conj/Fire      39%        3d16      1%          5
h - Swiftness             Air            74%        N/A       1%          3

Your spell library contained the following spells:

 Spells                   Type           Power      Damage    Failure   Level
 Apportation              Tloc           100%       N/A       1%          1
 Shock                    Conj/Air       100%       1d9       1%          1
 Ensorcelled Hibernation  Hex/Ice        100%       N/A       1%          2
 Jinxbite                 Hex            100%       N/A       1%          2
 Static Discharge         Conj/Air       100%       3-8/arc   1%          2
 Dazzling Flash           Conj/Hex       100%       N/A       1%          3
 Fugue of the Fallen      Necr           74%        N/A       1%          3
 Gell's Gravitas          Tloc           74%        N/A       1%          3
 Teleport Other           Tloc           74%        N/A       1%          3
 Anguish                  Hex/Necr       37%        N/A       1%          4
 Animate Armour           Summ/Erth      100%       N/A       1%          4
 Brom's Barrelling Bould  Conj/Erth      79%        2d9       1%          4
 Fulminant Prism          Conj/Alch      39%        3d17      1%          4
 Iskenderun's Mystic Bla  Conj/Tloc      79%        2d16      1%          4
 Alistair's Intoxication  Alch           49%        N/A       1%          5
 Curse of Agony           Necr           74%        N/A       1%          5
 Iskenderun's Battlesphe  Conj           85%        2d13      1%          5
 Silence                  Hex/Air        37%        N/A       1%          5
 Conjure Ball Lightning   Conj/Air       39%        3x3d13    6%          6
 Dispersal                Tloc           37%        N/A       11%         6
 Orb of Destruction       Conj           42%        9d12      21%         7
 Lehudib's Crystal Spear  Conj/Erth      39%        10d10     95%         8


Dungeon Overview and Level Annotations

Branches:
Dungeon (11/15)            Temple (1/1) D:7            Lair (5/5) D:8
 Shoals (0/4) Lair:2       Spider (0/4) Lair:2        Slime (0/5) Lair:5
    Orc (0/2) D:11        Volcano (1/1)

Altars:
Ashenzari
Cheibriados
Dithmenos
Elyvilon
Fedhas
Gozag
Hepliaklqana
Kikubaaqudgha
Makhleb
Nemelex Xobeh
Okawaru
Qazlal
Ru
Sif Muna
Trog
Uskayaw
Vehumet
Wu Jian
Xom
Yredelemnul
Zin
The Shining One

Shops:
D:4 [?:[:   D:7 *   D:8 *   D:9 :   D:11 (

Annotations:
Lair:1 1 runed translucent door, Gupteb's ghost, journeyman NaSh


Innate Abilities, Weirdness & Mutations

You have very sharp teeth.
Your uncanny sense of smell can sniff out nearby items.
Your experience applies equally to all skills.


Message History

The molten gargoyle blasts magma at you!
The bolt of magma hits you!! You partially resist.
* * * LOW HITPOINT WARNING * * *
Unknown command.
The molten gargoyle blasts magma at you!
The bolt of magma hits you. You partially resist.
* * * LOW HITPOINT WARNING * * *
Casting: Stone Arrow (safe; 1% risk of failure)
Confirm with . or Enter, or press ? or * to list all spells.
You don't know that spell.
Unknown command.
Okay, then.
Okay, then.
Okay, then.
Aiming: Fastroot
Press: ? - help, Shift-Dir - straight line, f/p - molten gargoyle
Aim: a molten gargoyle, wielding a +0 flail (severely damaged)
The roots erupt in riotous growth!
Roots grab the molten gargoyle.
Roots grab the red draconian.
The grasping roots constrict the molten gargoyle, but do no damage.
The grasping roots constrict the red draconian!
The red draconian hits you from afar with a +0 glaive!
* * * LOW HITPOINT WARNING * * *
The molten gargoyle struggles to escape constriction.
The roots lose their grip on something.
The grasping roots constrict the red draconian.
The red draconian is distracted by your dazzling golden aura.
The grasping roots constrict the red draconian!
The roots release their grip on the red draconian.
Casting: Stone Arrow (safe; 1% risk of failure)
Confirm with . or Enter, or press ? or * to list all spells.
An electric hum fills the air.
The red draconian roars!
* * * LOW HITPOINT WARNING * * *
The molten gargoyle blasts magma at you!
The bolt of magma hits your lightning spire!
Your lightning spire partially resists.
The bolt of magma hits you!! You partially resist.
You die...
Your body crumbles into a pile of gold.

## ~~~~# .# ~~~~~
.##~~~~# ..#~~~# ...#.#
$...# ############9d#
#........@8.$.#
#........)....#
#..###'##'######### #..#
#.##.# #8...8# ∆ #..#
###### #.....#
###..##########.....####
#~~.)....).......⌠......
#~~..)...).....8...8....
###############.....####


You could see a red draconian, a molten gargoyle (ally target) and a friendly
lightning spire (summoned).

Vanquished Creatures
  A hydra (Lair:5)
  Erica (D:11)
  2 two-headed ogres
  8 death yaks (Lair:5)
  A boulder beetle (D:11)
  3 deep trolls (D:8)
  Pikel (D:8)
  A deep elf pyromancer (Volcano)
  A harpy (Lair:2)
  2 cyclopes
  2 manticores
  2 salamanders (Volcano)
  Joseph (D:8)
  A black mamba (Lair:3)
  2 elephants (Lair:4)
  A molten gargoyle (Volcano)
  5 cane toads
  4 gargoyles (Volcano)
  5 komodo dragons
  Jeremiah (D:8)
  A rime drake (Lair:1)
  A polar bear (Lair:1)
  A troll (D:11)
  A hornet (D:11)
  5 blink frogs
  Sigmund (D:3)
  A vampire (D:11)
  A wraith (D:10)
  5 wyverns
  Eustachio (D:6)
  39 yaks
  Grum (D:11)
  3 steam dragons
  An acid dragon (D:8)
  8 water moccasins
  4 black bears
  2 ice beasts
  7 orc warriors
  2 centaurs
  7 wolves
  Blork the orc (D:6)
  2 kobold brigands
  15 bullfrogs
  5 scorpions
  10 wights
  6 killer bees
  An electric eel (D:9)
  2 howler monkeys (D:8)
  4 orc priests
  3 bombardier beetles
  A hound (D:6)
  5 jellies
  A sleepcap (D:7)
  2 iguanas (D:6)
  9 orc wizards
  5 adders
  3 shadow imps
  2 white imps (D:6)
  2 ufetubi (D:7)
  4 dart slugs
  6 ribbon worms
  38 orcs
  3 ball pythons
  3 bats
  3 endoplasms
  3 giant cockroaches
  4 goblins
  2 hobgoblins
  4 quokkas
  3 frilled lizards
  16 kobolds
  4 rats
309 creatures vanquished.

Vanquished Creatures (collateral kills)
  5 death yaks (Lair:5)
  A skyshark (Lair:3)
  A deep troll (D:8)
  A harpy (Lair:2)
  An orc knight (Volcano)
  2 elephants (Lair:4)
  A black mamba (Lair:2)
  6 cane toads
  3 komodo dragons
  2 blink frogs (Lair:5)
  25 yaks
  3 water moccasins
  A black bear (Lair:2)
  A swamp drake (D:11)
  A bullfrog (Lair:4)
  A killer bee (D:11)
  2 orc priests
  2 orc wizards
  3 orcs
62 creatures vanquished.

Grand Total: 371 creatures vanquished

Notes
Turn   | Place    | Note
-------+----------+-------------------------------------------
     0 | D:1      | monsoonserge the Gnoll Conjurer began the quest for the
                  | Orb.
     0 | D:1      | Reached XP level 1. HP: 13/13 MP: 6/6
   464 | D:1      | Reached XP level 2. HP: 19/19 MP: 5/7
   467 | D:1      | Learned a level 2 spell: Searing Ray
  1106 | D:2      | Found a faded altar of an unknown god.
  1182 | D:2      | Identified the +2 leather armour of Elaedyra {rElec Regen+
                  | Str+5 Dex-3}
  1343 | D:2      | Reached skill level 5 in Spellcasting
  1343 | D:2      | Reached XP level 3. HP: 25/25 MP: 4/9
  1350 | D:2      | Reached skill level 1 in Invocations
  1528 | D:2      | Reached skill level 1 in Fighting
  1528 | D:2      | Reached skill level 1 in Short Blades
  1528 | D:2      | Reached skill level 1 in Long Blades
  1528 | D:2      | Reached skill level 1 in Axes
  1528 | D:2      | Reached skill level 1 in Maces & Flails
  1528 | D:2      | Reached skill level 1 in Polearms
  1528 | D:2      | Reached skill level 1 in Staves
  1528 | D:2      | Reached skill level 1 in Ranged Weapons
  1528 | D:2      | Reached skill level 1 in Throwing
  1528 | D:2      | Reached skill level 1 in Armour
  1528 | D:2      | Reached skill level 1 in Shields
  1528 | D:2      | Reached skill level 1 in Unarmed Combat
  1528 | D:2      | Reached skill level 1 in Evocations
  2239 | D:3      | Reached skill level 1 in Shapeshifting
  2239 | D:3      | Reached XP level 4. HP: 32/32 MP: 8/11
  2383 | D:3      | Noticed Sigmund
  2391 | D:3      | Killed Sigmund
  2392 | D:3      | Reached skill level 1 in Hexes
  2392 | D:3      | Reached skill level 1 in Summonings
  2392 | D:3      | Reached skill level 1 in Necromancy
  2392 | D:3      | Reached skill level 1 in Translocations
  2392 | D:3      | Reached skill level 1 in Fire Magic
  2392 | D:3      | Reached skill level 1 in Ice Magic
  2392 | D:3      | Reached skill level 1 in Air Magic
  2392 | D:3      | Reached skill level 1 in Earth Magic
  2392 | D:3      | Reached skill level 1 in Alchemy
  2392 | D:3      | Reached XP level 5. HP: 37/38 MP: 2/12
  2398 | D:3      | Learned a level 3 spell: Mephitic Cloud
  2638 | D:3      | Found a sacrificial altar of Ru.
  2677 | D:3      | Reached XP level 6. HP: 44/44 MP: 13/13
  2713 | D:3      | Found a broken altar of Ashenzari.
  2808 | D:4      | Identified the +1 long sword of the Grinning Genius {spect,
                  | rElec Int-3 Dex+4}
  2836 | D:4      | Found Teawad's Armour Shoppe.
  3128 | D:4      | Found Kiutioff's Armour Boutique.
  3186 | D:4      | Reached skill level 5 in Dodging
  3245 | D:4      | Found Asmeupn's Book Shoppe.
  3250 | D:4      | Found Gabim's Magic Scroll Shoppe.
  3260 | D:4      | Bought a scroll of fear for 56 gold pieces
  3397 | D:4      | You fall into a shaft and drop 3 floors!
  3397 | D:7      | Found a staircase to the Ecumenical Temple.
  3405 | D:7      | Noticed an ice beast
  3414 | Temple   | Entered the Ecumenical Temple
  3420 | Temple   | Became a worshipper of Gozag Ym Sagoz the Greedy
  3434 | D:7      | Killed an ice beast
  3534 | D:7      | Noticed an orc warrior
  3544 | D:5      | Entered Level 5 of the Dungeon
  3693 | D:5      | Noticed a black bear
  3703 | D:5      | Killed a black bear
  3704 | D:5      | Reached XP level 7. HP: 48/51 MP: 6/15
  3844 | D:5      | Reached skill level 5 in Stealth
  4010 | D:5      | Found a white marble altar of Elyvilon.
  4242 | D:4      | Reached XP level 8. HP: 58/58 MP: 13/16
  4265 | D:4      | Found Othrule's Book Shop.
  4431 | D:5      | Found a hide-covered altar of Uskayaw.
  4642 | D:5      | Found a glowing silver altar of Zin.
  4822 | D:6      | Found a sparkling altar of Nemelex Xobeh.
  5032 | D:6      | Noticed a yak
  5033 | D:6      | Noticed a yak
  5033 | D:6      | Noticed a yak
  5034 | D:6      | Noticed a yak
  5034 | D:6      | Noticed a yak
  5034 | D:6      | Noticed a yak
  5037 | D:6      | Killed a yak
  5056 | D:6      | Killed a yak
  5065 | D:6      | Killed a yak
  5066 | D:6      | Reached XP level 9. HP: 65/65 MP: 15/18
  5267 | D:6      | Noticed Blork the orc
  5479 | D:6      | Killed Blork the orc
  5480 | D:6      | Reached skill level 5 in Invocations
  5555 | D:6      | Noticed Eustachio
  5724 | D:6      | Learned a level 3 spell: Stone Arrow
  5992 | D:6      | Killed Eustachio
  6632 | D:8      | Reached skill level 5 in Fighting
  6632 | D:8      | Reached skill level 5 in Short Blades
  6632 | D:8      | Reached skill level 5 in Long Blades
  6632 | D:8      | Reached skill level 5 in Axes
  6632 | D:8      | Reached skill level 5 in Maces & Flails
  6632 | D:8      | Reached skill level 5 in Polearms
  6632 | D:8      | Reached skill level 5 in Staves
  6632 | D:8      | Reached skill level 5 in Ranged Weapons
  6632 | D:8      | Reached skill level 5 in Throwing
  6632 | D:8      | Reached skill level 5 in Armour
  6632 | D:8      | Reached skill level 5 in Shields
  6632 | D:8      | Reached skill level 5 in Unarmed Combat
  6632 | D:8      | Reached skill level 5 in Evocations
  6632 | D:8      | Reached XP level 10. HP: 62/74 MP: 6/20
  6943 | D:4      | Bought a scroll of acquirement for 728 gold pieces
  6944 | D:4      | Acquired 886 gold pieces
  6988 | D:4      | Bought the +3 crown of Dyrovepreva {rElec Int+2 SInv} for
                  | 579 gold pieces
  6988 | D:4      | Found the +3 crown of Dyrovepreva {rElec Int+2 SInv}
  7108 | D:7      | Found Xuameit's General Store.
  7119 | D:7      | Bought a scroll of teleportation for 36 gold pieces
  7275 | D:8      | Noticed a two-headed ogre
  7418 | D:8      | Killed a two-headed ogre
  7583 | D:8      | Found a staircase to the Lair.
  7692 | D:8      | Noticed Pikel
  7704 | D:8      | Killed Pikel
  7705 | D:8      | Reached skill level 5 in Shapeshifting
  7762 | D:8      | Learned a level 4 spell: Summon Lightning Spire
  7853 | D:8      | Noticed a deep troll
  7854 | D:8      | Noticed a deep troll
  7854 | D:8      | Noticed a deep troll
  7857 | D:8      | Noticed a deep troll
  7864 | D:8      | Killed a deep troll
  7865 | D:8      | Killed a deep troll
  7868 | D:8      | Killed a deep troll
  7869 | D:8      | Reached skill level 5 in Hexes
  7869 | D:8      | Reached skill level 5 in Summonings
  7869 | D:8      | Reached skill level 5 in Necromancy
  7869 | D:8      | Reached skill level 5 in Translocations
  7869 | D:8      | Reached skill level 5 in Fire Magic
  7869 | D:8      | Reached skill level 5 in Ice Magic
  7869 | D:8      | Reached skill level 5 in Air Magic
  7869 | D:8      | Reached skill level 5 in Earth Magic
  7869 | D:8      | Reached skill level 5 in Alchemy
  7881 | D:8      | Found the amulet of Vitality {RegenMP++ Regen++}
  7931 | D:8      | Killed a deep troll
  7932 | D:8      | Reached XP level 11. HP: 81/81 MP: 16/23
  7955 | D:8      | Noticed Jeremiah
  7962 | D:8      | Killed Jeremiah
  7989 | D:8      | Learned a level 4 spell: Airstrike
  8310 | D:8      | Noticed Joseph
  8321 | D:8      | Killed Joseph
  8442 | D:9      | Noticed a manticore
  8474 | D:9      | Killed a manticore
  8747 | D:9      | Found Geodgh's Book Emporium.
  8870 | D:9      | Learned a level 5 spell: Fireball
  9267 | D:10     | Entered Level 10 of the Dungeon
  9331 | D:10     | Found a blossoming altar of Fedhas.
  9644 | D:10     | Noticed a cyclops
  9649 | D:10     | Killed a cyclops
  9896 | D:10     | Identified the +1 ring mail "Veamogaa" {Harm}
  9946 | D:11     | Noticed a cyclops
  9963 | D:11     | Killed a cyclops
  9965 | D:11     | Noticed a boulder beetle
  9969 | D:11     | Found Huluor's Weapon Boutique.
  9972 | D:11     | Noticed a manticore
  9977 | D:11     | Killed a manticore
  9984 | D:11     | Killed a boulder beetle
  9985 | D:11     | Reached XP level 12. HP: 59/91 MP: 16/24
 10026 | D:11     | Bought 5 curare-tipped darts for 90 gold pieces
 10223 | D:11     | Noticed Erica
 10230 | D:11     | Noticed a two-headed ogre
 10236 | D:11     | Killed Erica
 10248 | D:11     | Noticed Grum
 10253 | D:11     | Killed a two-headed ogre
 10261 | D:11     | Killed Grum
 10369 | D:11     | Found a staircase to the Orcish Mines.
 10746 | Lair:1   | Entered Level 1 of the Lair of Beasts
 10972 | D:8      | Bought a scroll labelled UMUXIPT TEYGUE for 30 gold pieces
 10972 | D:8      | Bought a black potion for 27 gold pieces
 11064 | Lair:1   | Found a runed translucent door.
 11065 | Lair:1   | Found a shimmering altar of Xom.
 11065 | Lair:1   | Noticed Gupteb's ghost (journeyman NaSh)
 11713 | Lair:2   | Identified the +12 rapier of Disaster {vamp, ^Contam rN+
                  | Str+2 SInv}
 11916 | Lair:2   | Learned a level 3 spell: Swiftness
 12011 | Lair:2   | Found a hole to the Spider Nest.
 12429 | Lair:2   | Found a staircase to the Shoals.
 12768 | Lair:3   | Reached XP level 13. HP: 98/98 MP: 23/26
 12898 | Lair:2   | Reached skill level 10 in Conjurations
 13606 | D:8      | Bought the +6 Majin-Bo {spellvamp, MP+6 Int+6} for 2001
                  | gold pieces
 13606 | D:8      | Found the +6 Majin-Bo {spellvamp, MP+6 Int+6}
 13759 | Lair:4   | Reached skill level 10 in Spellcasting
 14769 | Lair:5   | Entered Level 5 of the Lair of Beasts
 14823 | Lair:5   | Reached skill level 10 in Dodging
 14967 | Lair:5   | Reached skill level 10 in Stealth
 15003 | Lair:5   | Reached XP level 14. HP: 108/108 MP: 24/28
 15009 | Lair:5   | Found a staircase to the Slime Pits.
 15128 | Lair:5   | Reached skill level 10 in Invocations
 15280 | Lair:5   | Found a dark tunnel.
 15300 | Volcano  | Entered a volcano
 15449 | Volcano  | Noticed a red draconian
 15462 | Volcano  | Killed from afar by a molten gargoyle

Illustrated notes

Levels and vault maps discovered:
D:1:      minmay_arrival_loop, layout_loops_corners
D:2:      layout_loops_ring, hellmonk_ecumenical_altar_crossroads,
          serial_rivers, chequers_serial_rivers_marsh,
          chequers_serial_rivers_micro_b, chequers_serial_rivers_small_a,
          chequers_serial_rivers_small_b
D:3:      layout_loops_ring, mainiacjoe_overflow_cross_hatched,
          lemuel_tele_altar, uniq_sigmund
D:4:      layout_cave_pods, serial_shops, shop, shop,
          nicolae_shop_getting_attention, nicolae_lakefront_shop,
          nicolae_shop_tiny_statue_garden
D:5:      layout_rooms, lemuel_doored_altar, mainiacjoe_overflow_catwalk,
          mainiacjoe_overflow_surrounded_room
D:6:      layout_cave_pods, nemelex_diamond_rough_becter, minivault_1,
          minmay_misc_feat_pillars, uniq_eustachio, uniq_blork_the_orc
D:7:      layout_rooms, minmay_temple_entry_junction_2, serial_shops, shop
D:8:      layout_gridville, lair_entry_dummy, solitary_fountain,
          hellmonk_guarded_unrand_vitality_bloodlust, uniq_pikel, uniq_joseph,
          uniq_jeremiah
D:9:      layout_basic, serial_shops, shop
D:10:     layout_basic, old_standard_altar
D:11:     layout_cave_pools, erik_orc_1, serial_shops, shop,
          kennysheep_crisscross, uniq_erica, uniq_grum
Temple:   hellmonk_temple_two_chambers
Lair:1:   layout_gridlike, ebering_ghost_xom, chequers_serial_rivers_micro_c,
          lemuel_fruit_tree
Lair:2:   layout_gridlike, nicolae_shoals_entry_roost,
          nicolae_spider_entry_non_spiders
Lair:3:   layout_long_grid, grunt_megastairs_5
Lair:4:   layout_cave_pods, grunt_megastairs_4, lemuel_fruit_fields,
          serial_bayou_shore_b
Lair:5:   due_jungle_book, layout_regular_city, slime_entry_1, enter_volcano_2,
          kennysheep_snail_temple
Volcano:  hellmonk_zot_springs

Skill      XL: |  1  2  3  4  5  6  7  8  9 10 11 12 13 14 |
---------------+-------------------------------------------+-----
Spellcasting   | 5 6 7 8 9 10 | 10.7
Invocations    | 1 2 3 4 5 6 7 8 9 10 | 10.3
Fighting       | 1 2 3 5 6 7 8 9 |  9.5
Short Blades   | 1 2 3 5 6 7 8 9 |  9.5
Long Blades    | 1 2 3 5 6 7 8 9 |  9.5
Axes           | 1 2 3 5 6 7 8 9 |  9.5
Maces & Flails | 1 2 3 5 6 7 8 9 |  9.5
Polearms       | 1 2 3 5 6 7 8 9 |  9.5
Staves         | 1 2 3 5 6 7 8 9 |  9.5
Ranged Weapons | 1 2 3 5 6 7 8 9 |  9.5
Throwing       | 1 2 3 5 6 7 8 9 |  9.5
Armour         | 1 2 3 5 6 7 8 9 |  9.5
Shields        | 1 2 3 5 6 7 8 9 |  9.5
Unarmed Combat | 1 2 3 5 6 7 8 9 |  9.5
Evocations     | 1 2 3 5 6 7 8 9 |  9.5
Shapeshifting  | 1 2 3 4 5 6 7 8 |  8.7
Hexes          | 1 2 3 4 5 6 7 |  7.9
Summonings     | 1 2 3 4 5 6 7 |  7.9
Necromancy     | 1 2 3 4 5 6 7 |  7.9
Translocations | 1 2 3 4 5 6 7 |  7.9
Fire Magic     | 1 2 3 4 5 6 7 |  7.9
Ice Magic      | 1 2 3 4 5 6 7 |  7.9
Air Magic      | 1 2 3 4 5 6 7 |  7.9
Earth Magic    | 1 2 3 4 5 6 7 |  7.9
Alchemy        | 1 2 3 4 5 6 7 |  7.9
Dodging        | 5 6 7 8 9 10 | 10.6
Stealth        | 5 6 7 8 9 10 | 10.4
Conjurations   | 8 9 10 | 10.7

Action                     |  1- 3 |  4- 6 |  7- 9 | 10-12 | 13-15 || total
---------------------------+-------+-------+-------+-------+-------++-------
  Melee: Whip              |     5 |       |       |       |       ||     5
         Short sword       |     4 |    16 |       |       |       ||    20
         Staff             |     2 |       |       |       |       ||     2
         War axe           |    25 |       |       |       |       ||    25
         Bite              |     4 |     3 |    14 |    23 |    11 ||    55
         Dagger            |       |       |    88 |    30 |       ||   118
         Flail             |       |       |       |     9 |       ||     9
         Trident           |       |       |       |   108 |       ||   108
         Battleaxe         |       |       |       |    43 |       ||    43
         Punch             |       |       |       |     2 |       ||     2
         Scimitar          |       |       |       |   104 |     3 ||   107
         Bo                |       |       |       |       |    59 ||    59
  Throw: Dart              |       |       |     1 |    15 |     9 ||    25
   Cast: Magic Dart        |    14 |       |     2 |       |       ||    16
         Searing Ray       |    15 |    22 |    56 |    44 |    22 ||   159
         Mephitic Cloud    |       |       |     6 |    29 |     6 ||    41
         Stone Arrow       |       |       |     2 |     2 |     2 ||     6
         Summon Lightning  |       |       |       |    19 |    30 ||    49
         Airstrike         |       |       |       |    14 |    57 ||    71
         Fireball          |       |       |       |    12 |    28 ||    40
 Invoke: Call Merchant     |       |       |       |     1 |       ||     1
Ability: Evoke Invisibilit |       |       |       |       |     1 ||     1
  Evoke: Wand              |       |       |       |       |     3 ||     3
    Use: Scroll            |       |     5 |     4 |     9 |     5 ||    23
         Potion            |       |       |       |       |     1 ||     1
   Stab: Sleeping          |     5 |     1 |     1 |     4 |     1 ||    12
         Confused          |       |       |     6 |    22 |     2 ||    30
         Distracted        |       |       |       |     1 |     2 ||     3
 Armour: Robe              |    20 |       |       |       |    80 ||   100
         Leather armour    |    16 |    28 |   118 |   185 |    22 ||   369
  Dodge: Dodged            |    44 |    14 |   139 |   192 |    65 ||   454
  Block: Buckler           |       |       |       |    24 |    29 ||    53
